 Dungeon Crawl Stone Soup version 0.19.5 (webtiles) character file.

44 devil0150 the Magician (level 3, 0/33 HPs)
             Began as a High Elf Wizard on Apr 16, 2017.
             Was an Initiate of Sif Muna.
             Succumbed to an adder's poison
             ... on level 2 of the Dungeon.
             The game lasted 00:05:29 (1846 turns).

devil0150 the Magician (High Elf Wizard)            Turns: 1846, Time: 00:05:29

Health: 0/33       AC: 21    Str:  6    XL:     3   Next: 41%
Magic:  0/10       EV:  2    Int: 22    God:    Sif Muna [......]
Gold:   46         SH:  0    Dex: 14    Spells: 1 memorised, 10 levels left

rFire  . . .     SeeInvis .     g - +1 dagger
rCold  . . .     Gourm    .     (armour currently unavailable)
rNeg   + + +     Faith    .     (no shield)
rPois  +         Spirit   .     (helmet currently unavailable)
rElec  .         Reflect  .     (cloak currently unavailable)
rCorr  .         Harm     .     (gloves currently unavailable)
MR     .....     NoTele   +     (boots currently unavailable)
Stlth  ++........               (no amulet)
                                (no ring)
                                (no ring)

@: lethally poisoned (0 -> -6), tree-form, very slightly contaminated
A: no striking features
a: Renounce Religion


You were on level 2 of the Dungeon.
You worshipped Sif Muna.
Sif Muna was noncommittal.
You were not hungry.
You were a tree.
You visited 1 branch of the dungeon, and saw 2 of its levels.

You collected 46 gold pieces.

Inventory:

Hand Weapons
 g - a +1 dagger (weapon)
Armour
 a - a +0 robe (melded)
 b - a +0 hat (melded)
Jewellery
 j - an uncursed ring of flight {unknown}
Scrolls
 k - a scroll of magic mapping {unknown}
 l - a scroll of remove curse {unknown}
Potions
 f - a potion of flight {unknown}
 n - a potion of heal wounds {unknown}
Books
 c - a book of Minor Magic

   Spells                             Type                      Level
   a - Magic Dart                     Conjuration                  1
   b - Blink                          Translocation                2
   c - Call Imp                       Summoning                    2
   d - Repel Missiles                 Charms/Air                   2
   e - Slow                           Hexes                        2
   f - Conjure Flame                  Conjuration/Fire             3
   g - Mephitic Cloud                 Conjuration/Poison/Air       3
Comestibles
 d - a bread ration
 h - 3 fruits
 m - a meat ration
 o - a royal jelly


   Skills:
 + Level 0.4 Fighting
 + Level 2.4 Dodging
 + Level 2.4 Stealth
 + Level 4.7 Spellcasting
 + Level 1.4 Conjurations
   Level 0.8 Summonings
   Level 1.1 Translocations


You had 10 spell levels left.
You knew the following spells:

 Your Spells              Type           Power        Failure   Level  Hunger
a - Magic Dart            Conj           ##..         8%          1    None


Dungeon Overview and Level Annotations

Branches:
Dungeon (2/15)

Altars:
Cheibriados
Nemelex Xobeh
Sif Muna
Vehumet
Xom


Message History

The adder is heavily wounded.
You feel sick. The adder barely misses you. The adder closely misses you.
You feel sick.
Okay, then.
Casting: Magic Dart
Confirm with . or Enter, or press ? or * to list all spells.
Aiming: Magic Dart
Press: ? - help, Shift-Dir - straight line, f/p - adder
Aim: an adder (heavily wounded)
The magic dart hits the adder.
The adder is almost dead.
The adder bites you.
* * * LOW HITPOINT WARNING * * *
You are more poisoned.
The adder poisons you! The adder misses you.
It was a potion of lignification.
You turn into a tree.
Your +0 hat melds into your body.
Your +0 robe melds into your body.
Your roots penetrate the ground.
You die...

### #_# ##.## ##...######
#..#..#...# #.###.###♣#
##.###.###S############.#..
##..._#.##.....†..##........
#_..).#..'..#####.##.###....
##..._#.##..# #......#....
##.###.##.## ####.#......
#.###.##.# ###.###....
#..#..##.# #..........
##...###.# #.#........


You could see an adder.

Vanquished Creatures
  An ooze (D:1)
  3 bats
  4 giant cockroaches
  10 hobgoblins
  4 jackals (D:2)
  2 kobolds
  3 frilled lizards
  3 goblins
  6 rats
36 creatures vanquished.

Notes
Turn   | Place    | Note
-------+----------+-------------------------------------------
     0 | D:1      | devil0150 the High Elf Wizard began the quest for the Orb.
     0 | D:1      | Reached XP level 1. HP: 11/11 MP: 6/6
   271 | D:1      | Reached skill level 4 in Spellcasting
   643 | D:1      | Reached XP level 2. HP: 17/17 MP: 1/8
  1208 | D:1      | Reached XP level 3. HP: 22/22 MP: 3/9
  1754 | D:2      | Found a radiant altar of Vehumet.
  1754 | D:2      | Found a snail-covered altar of Cheibriados.
  1759 | D:2      | Found a deep blue altar of Sif Muna.
  1761 | D:2      | Found a sparkling altar of Nemelex Xobeh.
  1762 | D:2      | Found a shimmering altar of Xom.
  1767 | D:2      | Became a worshipper of Sif Muna the Loreminder
  1845 | D:2      | HP: 1/22 [adder (5)]
  1846 | D:2      | Succumbed to an adder's poison

Skill      XL: |  1 |
---------------+----+-----
Spellcasting   | 4 |  4.7
Fighting       | |  0.4
Dodging        | |  2.4
Stealth        | |  2.4
Conjurations   | |  1.4
Summonings     | |  0.8
Translocations | |  1.1

Action                   || total
-------------------------++-------
Melee: Unarmed           ||    14
       Dagger            ||    26
 Cast: Magic Dart        ||    99
  Use: Scroll            ||     3
       Potion            ||     1
  Eat: Chunk             ||     3
Armor: Robe              ||    15
Dodge: Dodged            ||    63
